[Event "WYCC 2018 G16"]
[Site "Halkidiki"]
[Date "2018.10.24"]
[Round "6"]
[White "Solozhenkina, Elizaveta"]
[Black "Grigorieva, Yulia"]
[Result "1-0"]
[ECO "D90"]
[WhiteElo "2276"]
[BlackElo "2112"]
[Annotator "NA"]
[PlyCount "61"]
[EventDate "2018.10.20"]
[EventType "swiss"]
[EventCountry "GRE"]
[SourceTitle "playchess.com"]
[Source "ChessBase"]
[SourceQuality "1"]
[TimeControl "40/5400+30:1800+30"]

1. d4 Nf6 2. c4 g6 3. Nc3 d5 4. Nf3 Bg7 5. cxd5 Nxd5 6. g3 O-O 7. Bg2 Nb6 8. O-O Nc6 9. e3 Re8 10. Re1 a5 {[%emt 0:00:33] D76: Fianchetto Grünfeld: Main Line with 7...Nb6} 11. h3 {[%emt 0:06:15] LiveBook: 35 Games} a4 12. Rb1 Ra5 13. Nd2 e5 14. b4 {[%emt 0:05:18] [#]} exd4 $146 ({Predecessor:} 14... axb3 15. Nxb3 Ra8 16. d5 e4 17. Nxe4 Nxd5 18. Nbc5 {½-½ (56) Bauer,C (2612)-Tkachiev,V (2639) Belfort 2010}) 15. bxa5 dxc3 16. axb6 cxb6 17. Qc2 Nd4 18. Qxa4 b5 19. Qa8 Nc2 20. Rd1 $11 ({White should try} 20. Rf1 $16 cxd2 21. Rd1) 20... Nxe3 21. fxe3 Qd3 22. Re1 Bh6 23. Ne4 Rf8 24. Rb4 Bxh3 25. Qxb7 Bxg2 26. Kxg2 f5 27. Nf2 Qc2 28. Qxb5 Rd8 29. Qe2 Rd2 30. Bxd2 cxd2 31. Rd1 1-0

[Event "WYCC 2018 G16"]
[Site "Halkidiki"]
[Date "2018.10.24"]
[Round "6"]
[White "Beydullayeva, Govhar"]
[Black "Srdanovic, Jovana"]
[Result "1/2-1/2"]
[ECO "A06"]
[WhiteElo "2202"]
[BlackElo "2072"]
[Annotator "NA"]
[PlyCount "85"]
[EventDate "2018.10.20"]
[EventType "swiss"]
[EventCountry "GRE"]
[SourceTitle "playchess.com"]
[Source "ChessBase"]
[SourceQuality "1"]
[TimeControl "40/5400+30:1800+30"]

1. Nf3 d5 2. g3 Bg4 3. Bg2 Nd7 4. c4 e6 5. cxd5 exd5 6. Nc3 Ngf6 7. d3 c6 8. O-O Bc5 9. Qb3 {[%emt 0:09:14] LiveBook: 92 Games} Bb6 10. Na4 {[%emt 0:01:02] A11: English Opening: 1...c6} O-O 11. Nxb6 axb6 (11... Qxb6 12. Qc2 Rfe8 13. h3 Bh5 14. g4 Bg6 15. Nh4 Nf8 16. Kh1 Ne6 17. e3 h5 {1-0 (65) Oparin,G (2616)-Shirov,A (2673) Moscow 2016}) 12. Re1 Re8 13. h3 Bxf3 14. Bxf3 {[%emt 0:00:12] [#]} d4 $146 ({Predecessor:} 14... b5 15. Bg2 d4 16. Bd2 Qb6 17. Qc2 Re6 {0-1 (37) Skoberne,J (2549)-Shaposhnikov,E (2544) Al Ain 2012}) 15. Bd2 Nc5 16. Qc2 Ne6 17. a4 Nc7 18. Kh2 Nd7 19. Bg2 $11 Qf6 20. Kg1 h5 21. e4 dxe3 22. Bxe3 Ne6 23. d4 Rac8 24. Qd1 Qf5 25. d5 Nef8 26. dxc6 bxc6 27. Rc1 c5 28. Qf3 Qxf3 29. Bxf3 Ne5 30. Be2 g6 31. Red1 Red8 32. f4 Nc6 33. Bb5 Nb4 34. Kf1 Nd5 35. Bf2 Ne6 36. h4 Ng7 37. Bc4 Nb4 38. Ke2 Nf5 39. Rxd8+ Rxd8 40. Rd1 Rxd1 41. Kxd1 Nc6 42. Ke2 Nd6 43. Bd5 1/2-1/2

[Event "WYCC 2018 G16"]
[Site "Halkidiki"]
[Date "2018.10.24"]
[Round "6"]
[White "Getman, Tatyana"]
[Black "Rudzinska, Michalina"]
[Result "0-1"]
[ECO "E38"]
[WhiteElo "2195"]
[BlackElo "2073"]
[Annotator "NA"]
[PlyCount "92"]
[EventDate "2018.10.20"]
[EventType "swiss"]
[EventCountry "GRE"]
[SourceTitle "playchess.com"]
[Source "ChessBase"]
[SourceQuality "1"]
[TimeControl "40/5400+30:1800+30"]

1. d4 Nf6 2. c4 e6 3. Nc3 Bb4 4. Qc2 c5 5. e3 cxd4 6. exd4 O-O 7. Nf3 d5 8. Bg5 h6 9. Bh4 Be7 10. a3 b6 11. Rd1 Bb7 12. Be2 dxc4 13. O-O Nbd7 14. Ne5 Rc8 15. Bxc4 Nd5 16. Bxe7 Qxe7 17. Bxd5 Bxd5 18. Nxd5 exd5 19. Qf5 Nxe5 20. dxe5 Qe6 21. Qh5 Rc2 22. f4 Rxb2 23. Qf3 Rc8 24. Rf2 Rxf2 25. Qxf2 Rc3 26. a4 Qc6 27. f5 Rc1 28. Qd2 Qc5+ 29. Kf1 Qc4+ 30. Kg1 Rxd1+ 31. Qxd1 Qe4 32. f6 d4 33. fxg7 Qxe5 34. h3 Qe3+ 35. Kh1 d3 36. Qg4 Qc1+ 37. Kh2 Qc7+ 38. Kh1 d2 39. Qe2 Qc1+ 40. Kh2 d1=Q 41. Qe8+ Kxg7 42. Qe5+ Kf8 43. Qb8+ Ke7 44. Qe5+ Kd7 45. Qf5+ Kc7 46. Qxf7+ Qd7 0-1

[Event "WYCC 2018 G16"]
[Site "Halkidiki"]
[Date "2018.10.24"]
[Round "6"]
[White "Yurasova, Daria"]
[Black "Urh, Zala"]
[Result "0-1"]
[ECO "A07"]
[WhiteElo "2193"]
[BlackElo "2066"]
[Annotator "NA"]
[PlyCount "50"]
[EventDate "2018.10.20"]
[EventType "swiss"]
[EventCountry "GRE"]
[SourceTitle "playchess.com"]
[Source "ChessBase"]
[SourceQuality "1"]
[TimeControl "40/5400+30:1800+30"]

1. Nf3 d5 2. g3 Bg4 3. Bg2 c6 4. O-O Nf6 5. c4 e6 {[%emt 0:00:14] LiveBook: 935 Games} 6. cxd5 Bxf3 7. Bxf3 cxd5 8. d3 Nc6 9. Nc3 Be7 10. Bf4 {[%emt 0:03:44] A11: English Opening: 1...c6} (10. d4 O-O 11. e3 Rc8 12. Bd2 Nd7 13. Qe2 Nb6 14. Rfd1 Qd7 15. Be1 Rfd8 16. Rac1 a6 17. Bg2 Rc7 18. h4 h6 19. Qc2 {½-½ (19) Cordova,E (2655)-Matlakov,M (2701) Moscow 2017}) 10... O-O 11. Rc1 Rc8 12. Bg2 Nd7 $146 ({Predecessor:} 12... a6 13. a3 b5 14. b4 Qb6 15. Qb3 Rfd8 16. Qb2 h6 17. Rc2 Qb7 {½-½ (65) Shetty,A (2389)-Bartell,T (2344) chess.com INT 2018}) 13. Na4 b5 14. Nc3 Qb6 15. Re1 Rfd8 16. Bxd5 Bc5 17. Bxc6 Bxf2+ 18. Kg2 Bxe1 19. Bxd7 Qf2+ 20. Kh3 Qf1+ 21. Kh4 Qxf4+ 22. Kh3 Qf1+ 23. Kh4 g5+ 24. Kxg5 Rc5+ 25. Kh4 Qf4+ 0-1

[Event "WYCC 2018 G16"]
[Site "Halkidiki"]
[Date "2018.10.24"]
[Round "6"]
[White "Berdnyk, Mariia"]
[Black "Hajiyeva, Laman"]
[Result "1-0"]
[ECO "C09"]
[WhiteElo "2179"]
[BlackElo "1916"]
[Annotator "ChessBase"]
[PlyCount "153"]
[EventDate "2018.10.20"]
[EventType "swiss"]
[EventCountry "GRE"]
[SourceTitle "playchess.com"]
[Source "ChessBase"]
[SourceQuality "1"]
[TimeControl "40/5400+30:1800+30"]

1. e4 e6 2. d4 d5 3. Nd2 c5 4. exd5 exd5 5. Ngf3 Nc6 6. dxc5 Bxc5 7. Nb3 Bb6 8. Be2 Nf6 9. O-O O-O 10. c3 Re8 11. Nfd4 Ne4 12. Bf3 Ne5 13. Bf4 Nc4 14. Qc2 Qf6 15. Bg3 Bd7 16. Rfe1 Qg6 17. Bxe4 dxe4 18. Nd2 Rac8 19. Nxc4 Rxc4 20. Qe2 Rc5 21. Rad1 Rg5 22. Qe3 h5 23. Kh1 Bg4 24. Rd2 Bd7 25. Rg1 Bc6 26. Qe2 h4 27. Bxh4 Rh5 28. Bg3 e3 29. fxe3 Be4 30. Rf1 Rh3 31. Kg1 Rh5 32. Qf2 f6 33. Bf4 Bd3 34. Rfd1 Be4 35. c4 Ba5 36. Nb5 Bxd2 37. Qxd2 Kh7 38. Qe2 Bc6 39. Nd6 Re6 40. Qf2 Qg4 41. Qc2+ f5 42. Rd4 Qh4 43. Qe2 g6 44. b4 Qe7 45. b5 Be8 46. Qd3 Rh4 47. Nxe8 Qxe8 48. Rd8 Qf7 49. Bg5 Rhe4 50. Rd7 Re7 51. Rxe7 Rxe7 52. Bxe7 Qxe7 53. h3 Qb4 54. Qd7+ Kh6 55. Qxb7 Qe1+ 56. Kh2 Qxe3 57. Qf3 Qe5+ 58. Qg3 Qd4 59. Qb3 Qe5+ 60. Qg3 Qd4 61. Qc7 f4 62. Qb8 Qxc4 63. Qxa7 Qxb5 64. Qd4 Qb8 65. Qf2 Qb4 66. Qf3 Qc4 67. a3 Qa4 68. Qc3 Qe4 69. Qh8+ Kg5 70. h4+ Kf5 71. Qf8+ Kg4 72. Qf6 Qd5 73. Qg5+ Qxg5 74. hxg5 f3 75. gxf3+ Kxf3 76. a4 Ke4 77. Kg3 1-0

[Event "WYCC 2018 G16"]
[Site "Halkidiki"]
[Date "2018.10.24"]
[Round "6"]
[White "Goltseva, Ekaterina"]
[Black "Gombocz, Zsofia"]
[Result "1-0"]
[ECO "D05"]
[WhiteElo "2169"]
[BlackElo "2038"]
[Annotator "NA"]
[PlyCount "62"]
[EventDate "2018.10.20"]
[EventType "swiss"]
[EventCountry "GRE"]
[SourceTitle "playchess.com"]
[Source "ChessBase"]
[SourceQuality "1"]
[TimeControl "40/5400+30:1800+30"]

1. d4 d5 2. Nf3 Nf6 3. e3 e6 4. Bd3 Bd6 5. b3 c5 6. Bb2 Nc6 7. O-O O-O 8. c4 {[%emt 0:04:24] D05: Colle System with ...e6} (8. Nbd2 cxd4 9. exd4 b6 10. a3 Bb7 11. Qe2 Ne7 12. Ne5 Rc8 13. Rfe1 Ng6 14. g3 Qe7 15. f3 Rc7 16. Nf1 Rfc8 17. Ne3 Bxe5 18. dxe5 Nd7 19. f4 Nc5 20. Bd4 Nxd3 {½-½ (20) Tomashevsky,E (2702)-Schroeder,J (2552) Germany 2018}) 8... b6 9. Ne5 Bb7 10. Nd2 Qc7 11. f4 dxc4 $146 ({Predecessor:} 11... Ne7 12. Rc1 Ne4 13. cxd5 Nxd2 14. Qxd2 exd5 15. Qe2 Nc6 {1-0 (49) Zavadil,M (2018)-Dirgas,J (2023) Brno 2015}) 12. bxc4 Rad8 13. Qe2 Nb4 14. Bb1 Nd7 15. a3 Na6 16. Ndf3 f5 17. Ng5 Rde8 18. Bc2 h6 19. Ngf3 Nf6 $16 20. d5 Qc8 21. Ng6 Rf7 22. Nfe5 Rc7 23. Nh4 Ne4 24. Bxe4 fxe4 25. dxe6 Rxe6 26. Rad1 Bxe5 27. Bxe5 Rf7 28. Ba1 Qf8 29. f5 Rc6 30. Qg4 Bc8 31. Qxe4 Rcc7 1-0

[Event "WYCC 2018 G16"]
[Site "Halkidiki"]
[Date "2018.10.24"]
[Round "6"]
[White "Bach, Ngoc Thuy Duong"]
[Black "Nayberg, Simona"]
[Result "1-0"]
[ECO "D43"]
[WhiteElo "2161"]
[BlackElo "1857"]
[Annotator "NA"]
[PlyCount "81"]
[EventDate "2018.10.20"]
[EventType "swiss"]
[EventCountry "GRE"]
[SourceTitle "playchess.com"]
[Source "ChessBase"]
[SourceQuality "1"]
[TimeControl "40/5400+30:1800+30"]

1. d4 d5 2. c4 e6 3. Nc3 c6 4. Nf3 Nf6 5. Bg5 h6 6. Bh4 dxc4 7. e4 g5 8. Bg3 b5 9. Be2 Bb7 10. O-O Nbd7 11. Ne5 h5 12. Nxd7 Qxd7 $11 13. Be5 Rh6 14. f4 g4 15. f5 O-O-O 16. fxe6 Qxe6 17. Qc2 a6 18. b3 c5 19. bxc4 b4 20. Nd5 Nxe4 21. Qxe4 f6 22. Nb6+ Qxb6 23. Qf5+ Rd7 24. d5 Bd6 25. Bxd6 Qxd6 26. Bd3 Kc7 27. Rae1 g3 28. h4 Bc8 29. Re6 Qf8 30. Qf4+ Kb7 31. Rfe1 Rh8 32. Rxf6 Qd8 33. Rg6 Rf8 34. Qxg3 Rdf7 35. Rf1 Bg4 36. Rxf7+ Rxf7 37. Be4 Qe8 38. Qd6 Qxe4 39. Qb6+ Kc8 40. Rg8+ Kd7 41. Qd8# 1-0

[Event "WYCC 2018 G16"]
[Site "Halkidiki"]
[Date "2018.10.24"]
[Round "6"]
[White "Gomez Barrera, Javiera Belen"]
[Black "Nemcova, Karin"]
[Result "1-0"]
[ECO "B32"]
[WhiteElo "2136"]
[BlackElo "1888"]
[Annotator "NA"]
[PlyCount "93"]
[EventDate "2018.10.20"]
[EventType "swiss"]
[EventCountry "GRE"]
[SourceTitle "playchess.com"]
[Source "ChessBase"]
[SourceQuality "1"]
[TimeControl "40/5400+30:1800+30"]

1. e4 c5 2. Nf3 Nc6 3. d4 cxd4 4. Nxd4 Qc7 5. Nb5 Qb8 6. N1c3 a6 7. Nd4 Nf6 8. Be2 e6 9. O-O Bb4 10. Nxc6 bxc6 11. Bf3 O-O 12. a3 Be7 13. Re1 d5 14. exd5 cxd5 15. b3 Bb7 16. Bb2 Rd8 17. h3 Qc7 18. Ne2 Ne4 19. Bxe4 dxe4 20. Qc1 Rac8 21. Nc3 f5 22. Re2 Bf6 23. Na4 Bxb2 24. Nxb2 f4 25. Nc4 e3 26. Qe1 Rf8 27. f3 e5 28. Qa5 e4 29. Qxc7 Rxc7 30. fxe4 Bxe4 31. Rf1 Bg6 32. g3 Bh5 33. Ree1 g5 34. Kh2 e2 35. Rf2 fxg3+ 36. Kxg3 Rxf2 37. Kxf2 Rd7 38. Ne5 Rd1 39. Ng4 Bxg4 40. hxg4 Rd4 41. Rxe2 Rxg4 42. Re6 a5 43. Re5 a4 44. Ra5 axb3 45. cxb3 Kf7 46. Ra7+ Kg6 47. Ra4 1-0

[Event "WYCC 2018 G16"]
[Site "Halkidiki"]
[Date "2018.10.24"]
[Round "6"]
[White "Cervantes Landeiro, Thalia"]
[Black "Serikbay, Assel"]
[Result "1/2-1/2"]
[ECO "D11"]
[WhiteElo "2129"]
[BlackElo "2166"]
[Annotator "NA"]
[PlyCount "117"]
[EventDate "2018.10.20"]
[EventType "swiss"]
[EventCountry "GRE"]
[SourceTitle "playchess.com"]
[Source "ChessBase"]
[SourceQuality "1"]
[TimeControl "40/5400+30:1800+30"]

1. d4 d5 2. c4 c6 3. Nf3 Nf6 4. e3 a6 5. Bd3 Bg4 6. Nbd2 Nbd7 7. Qc2 e6 8. b3 {[%emt 0:00:16] D11: Slav Defence: 3 Nf3 sidelines and 3...Nf6 4 e3 Bg4} Bd6 9. Bb2 Qb8 10. O-O O-O 11. h3 Bh5 12. Ng5 h6 13. Ngf3 Bxf3 14. Nxf3 e5 $146 15. dxe5 Nxe5 16. Be2 Nxf3+ 17. Bxf3 Be5 18. cxd5 cxd5 19. Rac1 Bxb2 20. Qxb2 Qd6 21. Rfd1 Qe6 22. Rd4 Ne4 23. Bxe4 dxe4 24. Rc7 b5 25. Qc2 Rac8 26. Rxc8 Rxc8 27. Qxe4 Rc1+ 28. Kh2 Qxe4 29. Rxe4 $11 Rc2 30. a4 Rxf2 31. axb5 axb5 32. Re5 Rb2 33. Rxb5 Re2 34. Kg3 Rxe3+ 35. Kf4 Re2 36. Kf3 Rb2 37. h4 h5 38. g3 g6 39. Kf4 Kg7 40. Rb7 Rf2+ 41. Ke4 Rg2 42. Kf3 Rb2 43. b4 Kf6 44. Rb8 Kf5 45. Rb5+ Ke6 46. Kf4 Rf2+ 47. Ke4 Rg2 48. Re5+ Kd6 49. Rd5+ Ke6 50. Rd3 Rb2 51. Rd4 Rb3 52. Kf4 Rb1 53. Re4+ Kd5 54. Re5+ Kc6 55. b5+ Kb6 56. Rg5 Rf1+ 57. Ke4 Re1+ 58. Kd4 Rf1 59. Ke4 1/2-1/2

[Event "WYCC 2018 G16"]
[Site "Halkidiki"]
[Date "2018.10.24"]
[Round "6"]
[White "Ouellet, Maili-Jade"]
[Black "Puppi Lazo, Stephanie Beatriz"]
[Result "1-0"]
[ECO "A50"]
[WhiteElo "2122"]
[BlackElo "1847"]
[Annotator "NA"]
[PlyCount "127"]
[EventDate "2018.10.20"]
[EventType "swiss"]
[EventCountry "GRE"]
[SourceTitle "playchess.com"]
[Source "ChessBase"]
[SourceQuality "1"]
[TimeControl "40/5400+30:1800+30"]

1. d4 Nf6 2. c4 b6 3. Nc3 Bb7 4. f3 d5 5. cxd5 Nxd5 6. e4 Nxc3 7. bxc3 e6 8. Bc4 Be7 9. Ne2 O-O 10. O-O c5 11. Be3 Nc6 12. Rc1 Rc8 13. Qd2 cxd4 14. cxd4 Bb4 15. Qd3 Qe7 16. Rfd1 Ba3 17. Rc3 Bb2 18. Rb3 Nb4 19. Qd2 Rxc4 20. Rxb2 Rfc8 21. Rc1 Rxc1+ 22. Nxc1 Rxc1+ 23. Qxc1 Nd3 24. Qd2 Nxb2 25. Qxb2 Qc7 26. Qb5 Qc6 27. Qe5 Qc8 28. d5 f6 29. Qd4 Qd7 30. d6 Kf7 31. e5 Bd5 32. exf6 gxf6 33. Qh4 e5 34. Bd2 a5 35. Be3 Qxd6 36. Qxh7+ Ke6 37. h4 Qb4 38. Bf2 Qf4 39. Qg8+ Kd6 40. Qd8+ Ke6 41. Qxb6+ Kf7 42. Qxa5 Qc1+ 43. Kh2 Qc4 44. a3 e4 45. fxe4 Qxe4 46. Qc7+ Kg6 47. Qg3+ Kh7 48. Bc5 f5 49. Bd6 Qe2 50. Be5 Qg4 51. a4 Kg6 52. a5 Qxg3+ 53. Kxg3 Kh5 54. a6 Bc6 55. Kh3 Bd7 56. Kg3 Bc6 57. a7 Ba8 58. Bf4 Bb7 59. Kh3 Ba8 60. g3 Bb7 61. Kh2 Kg4 62. Kg1 Ba8 63. Kf2 Kh5 64. Ke3 1-0

[Event "WYCC 2018 G16"]
[Site "Halkidiki"]
[Date "2018.10.24"]
[Round "6"]
[White "Bulatova, Kamaliya"]
[Black "Muetsch, Annmarie"]
[Result "0-1"]
[ECO "E73"]
[WhiteElo "2108"]
[BlackElo "2206"]
[Annotator "ChessBase"]
[PlyCount "136"]
[EventDate "2018.10.20"]
[EventType "swiss"]
[EventCountry "GRE"]
[SourceTitle "playchess.com"]
[Source "ChessBase"]
[SourceQuality "1"]
[TimeControl "40/5400+30:1800+30"]

1. d4 Nf6 2. c4 g6 3. Nc3 Bg7 4. e4 d6 5. Be2 O-O 6. Be3 e5 7. d5 Na6 8. g4 Nc5 9. f3 h5 10. g5 Nh7 11. h4 f6 12. Qd2 fxg5 13. hxg5 Rf4 14. Bxf4 exf4 15. Nh3 Bxh3 16. Rxh3 Nxg5 17. Rh1 Be5 18. O-O-O Qf6 19. Kc2 a6 20. Rdg1 b5 21. Qe1 Kf7 22. Qh4 Bxc3 23. bxc3 Na4 24. Qe1 b4 25. Rxg5 Qxg5 26. cxb4 a5 27. b5 Qe5 28. Qa1 Qxa1 29. Rxa1 Kf6 30. Rg1 g5 31. Kd3 Nc5+ 32. Kd4 Nd7 33. Rh1 Rh8 34. Rh3 Kg6 35. Rh1 Re8 36. Bd1 Re5 37. Rg1 Nc5 38. Bc2 Kf6 39. Rg2 Kg6 40. Rg1 Kh6 41. Rh1 Kg6 42. Rg1 h4 43. Rh1 Nd7 44. Bd3 Kh5 45. Be2 Re8 46. Bf1 Ne5 47. Be2 g4 48. fxg4+ Kg5 49. c5 f3 50. Bf1 Nxg4 51. b6 dxc5+ 52. Kxc5 cxb6+ 53. Kxb6 Rxe4 54. d6 Nf6 55. Kc7 Ne8+ 56. Kd7 Nxd6 57. Kxd6 Re1 58. Kc5 Ra1 59. a4 Rxa4 60. Bc4 Kg4 61. Rg1+ Kf4 62. Rg8 h3 63. Bd5 f2 64. Rf8+ Ke3 65. Rf3+ Ke2 66. Bc6 Rb4 67. Rf8 f1=Q 68. Re8+ Kd2 0-1

[Event "WYCC 2018 G16"]
[Site "Halkidiki"]
[Date "2018.10.24"]
[Round "6"]
[White "Palma, Maria"]
[Black "Sanabria Taskila, Jenny Maria"]
[Result "0-1"]
[ECO "A13"]
[WhiteElo "2106"]
[BlackElo "1728"]
[Annotator "NA"]
[PlyCount "88"]
[EventDate "2018.10.20"]
[EventType "swiss"]
[EventCountry "GRE"]
[SourceTitle "playchess.com"]
[Source "ChessBase"]
[SourceQuality "1"]
[TimeControl "40/5400+30:1800+30"]

1. c4 e6 2. Nf3 d5 3. g3 Nf6 4. b3 Be7 5. Bg2 O-O 6. O-O c6 7. Bb2 b6 8. d4 Bb7 9. Nc3 Nbd7 10. Qd3 Qb8 11. e4 Rc8 12. Rfe1 a5 13. Nd2 $14 dxc4 14. bxc4 Ba6 15. e5 Nd5 16. Qe4 Nxc3 17. Bxc3 Bb7 18. Rab1 Qc7 19. Nf1 Rd8 20. Ne3 Nf8 21. Red1 Rd7 22. Qg4 b5 23. Ba1 b4 24. d5 cxd5 25. cxd5 Bc5 26. Bd4 Bxd4 27. Qxd4 exd5 28. Nf5 Ne6 29. Qb2 d4 30. Bxb7 Qxb7 31. Rbc1 Qe4 32. Nd6 Qxe5 33. Nc4 Qb5 34. Nd2 h6 35. Ne4 Qf5 36. Qe2 Rad8 37. Qd3 Qg6 38. Kh1 Qf5 39. Kg1 Qd5 40. Rc2 a4 41. Rb1 f5 42. Nd2 Rb7 43. Qa6 d3 44. Rc6 Nd4 0-1

[Event "WYCC 2018 G16"]
[Site "Halkidiki"]
[Date "2018.10.24"]
[Round "6"]
[White "Salonika, Saina"]
[Black "Maltsevskaya, Aleksandra"]
[Result "0-1"]
[ECO "B23"]
[WhiteElo "2093"]
[BlackElo "2290"]
[Annotator "NA"]
[PlyCount "50"]
[EventDate "2018.10.20"]
[EventType "swiss"]
[EventCountry "GRE"]
[SourceTitle "playchess.com"]
[Source "ChessBase"]
[SourceQuality "1"]
[TimeControl "40/5400+30:1800+30"]

1. e4 c5 2. Nc3 Nc6 3. f4 e6 4. Nf3 d5 5. Bb5 Nge7 6. Qe2 d4 {[%emt 0:05:26] LiveBook: 30 Games} 7. Nd1 Qc7 {[%emt 0:00:18] B23: Closed Sicilian: Lines without g3} (7... a6 8. Bxc6+ Nxc6 9. d3 Be7 10. O-O O-O 11. Nf2 f5 12. Bd2 Bd7 13. g3 b5 14. Rae1 Qc7 15. c3 {0-1 (44) Kunin,V (2528)-Baramidze,D (2608) Nuremberg 2013}) 8. Ne5 $146 ({Predecessor:} 8. O-O Bd7 9. d3 f6 10. a3 O-O-O 11. Bd2 Kb8 12. Nf2 Nc8 13. Bc4 Nb6 14. Ba2 a6 15. Rab1 {1-0 (41) Branding,V (2177)-Horvath,A (2498) Austria 2017}) 8... Bd7 9. Nxd7 Qxd7 10. Nf2 Qc7 11. Bxc6+ Nxc6 12. d3 O-O-O 13. O-O f5 14. Bd2 Bd6 15. e5 Be7 16. a3 a5 17. c3 g5 (17... h6 $17) 18. fxg5 Rhg8 19. Nh3 dxc3 20. bxc3 Qd7 21. d4 cxd4 22. cxd4 Qxd4+ $15 23. Be3 Qxe5 24. Qf2 Rd3 25. Rfe1 Rxe3 0-1

[Event "WYCC 2018 G16"]
[Site "Halkidiki"]
[Date "2018.10.24"]
[Round "6"]
[White "Kucharska, Honorata"]
[Black "Makhija, Aashna"]
[Result "1/2-1/2"]
[ECO "C77"]
[WhiteElo "2073"]
[BlackElo "2197"]
[Annotator "ChessBase"]
[PlyCount "147"]
[EventDate "2018.10.20"]
[EventType "swiss"]
[EventCountry "GRE"]
[SourceTitle "playchess.com"]
[Source "ChessBase"]
[SourceQuality "1"]
[TimeControl "40/5400+30:1800+30"]

1. e4 e5 2. Nf3 Nc6 3. Bb5 a6 4. Ba4 Nf6 5. d3 d6 6. c3 g6 7. O-O Bg7 8. h3 O-O 9. Re1 b5 10. Bc2 Re8 11. Nbd2 Bb7 12. Nf1 h6 13. Ng3 d5 14. Qe2 Qe7 15. Be3 Rad8 16. a3 d4 17. cxd4 Nxd4 18. Nxd4 exd4 19. Bd2 c5 20. f4 Nd7 21. Qf2 c4 22. Bb4 Qe6 23. Kh2 Qb6 24. e5 Nc5 25. Bxc5 Qxc5 26. Ne4 Bxe4 27. Rxe4 Qd5 28. Rae1 Kh7 29. Kh1 Re7 30. Rd1 Red7 31. Qe2 Qe6 32. Rf1 Qd5 33. f5 Bf8 34. e6 Re7 35. fxg6+ fxg6 36. Qg4 Qg5 37. Qe2 Qd5 38. a4 Bg7 39. Qg4 Qg5 40. Qxg5 hxg5 41. Rfe1 Rd6 42. Kg1 Rb6 43. a5 Rd6 44. Kh2 Kg8 45. Kg3 Bf6 46. Kf3 Kf8 47. b3 cxd3 48. Bxd3 Rc7 49. Kg4 Ke7 50. b4 Rc3 51. Rf1 Rxd3 52. Rxf6 Re3 53. Rf7+ Ke8 54. Rxe3 dxe3 55. Rf1 Rxe6 56. Kxg5 Ke7 57. Re1 Re4 58. Kxg6 Kd6 59. Kf5 Kd5 60. g4 Re8 61. g5 Kd4 62. g6 Kd3 63. g7 Kd2 64. Rg1 e2 65. Kf6 Rc8 66. h4 Rc6+ 67. Kf7 Rc7+ 68. Kf6 Rc6+ 69. Kf5 Rc1 70. g8=Q Rf1+ 71. Rxf1 exf1=Q+ 72. Ke5 Qe2+ 73. Kd6 Qh2+ 74. Kc6 1/2-1/2

[Event "WYCC 2018 G16"]
[Site "Halkidiki"]
[Date "2018.10.24"]
[Round "6"]
[White "Meenal Gupta"]
[Black "Djidjeli, Sarah"]
[Result "1-0"]
[ECO "B31"]
[WhiteElo "2065"]
[BlackElo "1952"]
[Annotator "NA"]
[PlyCount "83"]
[EventDate "2018.10.20"]
[EventType "swiss"]
[EventCountry "GRE"]
[SourceTitle "playchess.com"]
[Source "ChessBase"]
[SourceQuality "1"]
[TimeControl "40/5400+30:1800+30"]

1. e4 c5 2. Nf3 Nc6 3. Bb5 g6 4. Bxc6 dxc6 5. O-O Bg7 6. d3 b6 7. Nc3 e5 8. h3 Ne7 9. Be3 h6 10. Ne1 g5 11. a4 a5 12. Nb1 Ng6 13. c3 h5 14. Kh2 g4 15. Nd2 Nf4 16. Nc4 Be6 17. b3 Rb8 18. d4 cxd4 19. cxd4 Ng6 20. d5 cxd5 21. exd5 Qxd5 22. Qe2 Qc6 23. Rc1 Bxc4 24. Rxc4 Qe6 25. Bc1 Kf8 26. Nd3 Kg8 27. Bb2 gxh3 28. gxh3 Qd6 29. Kh1 Rd8 30. Ne1 Qd5+ 31. f3 Nf4 32. Rxf4 exf4 33. Rg1 Rh7 34. Bf6 Qd2 35. Qe5 Qd7 36. Kh2 Qe6 37. Qb2 Re8 38. Rg2 Kf8 39. Bxg7+ Ke7 40. Re2 Kd7 41. Rxe6 Rxe6 42. Be5 1-0

[Event "WYCC 2018 G16"]
[Site "Halkidiki"]
[Date "2018.10.24"]
[Round "6"]
[White "Sankova, Stella"]
[Black "Hovhannisyan, Mane"]
[Result "1-0"]
[ECO "B13"]
[WhiteElo "2051"]
[BlackElo "1730"]
[Annotator "NA"]
[PlyCount "69"]
[EventDate "2018.10.20"]
[EventType "swiss"]
[EventCountry "GRE"]
[SourceTitle "playchess.com"]
[Source "ChessBase"]
[SourceQuality "1"]
[TimeControl "40/5400+30:1800+30"]

1. e4 c6 2. d4 d5 3. exd5 cxd5 4. Bd3 Nc6 5. c3 Qc7 6. Ne2 Bg4 7. f3 Bh5 8. Bf4 Qb6 9. Qb3 Qxb3 10. axb3 e6 11. Na3 Nf6 12. O-O Be7 13. b4 Kd7 14. b5 Nd8 15. Nc2 Ne8 16. Ra4 Nd6 17. Rfa1 Nc8 18. Ne3 Bg6 19. Nc1 f6 20. Be2 Nf7 21. Bg3 Nfd6 22. Nb3 b6 23. Nd2 Nf5 24. Nxf5 Bxf5 25. b3 h5 26. c4 Bd6 27. Bxd6 Kxd6 28. Ra6 dxc4 29. bxc4 Kc7 30. c5 Rd8 31. Nb3 Bc2 32. cxb6+ Kb8 33. Na5 Nxb6 34. Nc6+ Kb7 35. Rxa7+ 1-0

[Event "WYCC 2018 G16"]
[Site "Halkidiki"]
[Date "2018.10.24"]
[Round "6"]
[White "Cramling Bellon, Anna"]
[Black "Kalyva, Kyriaki"]
[Result "1/2-1/2"]
[ECO "D44"]
[WhiteElo "2025"]
[BlackElo "1779"]
[Annotator "NA"]
[PlyCount "57"]
[EventDate "2018.10.20"]
[EventType "swiss"]
[EventCountry "GRE"]
[SourceTitle "playchess.com"]
[Source "ChessBase"]
[SourceQuality "1"]
[TimeControl "40/5400+30:1800+30"]

1. d4 d5 2. c4 c6 3. Nf3 Nf6 4. Nc3 e6 5. Bg5 dxc4 {[%emt 0:00:00] LiveBook: 2718 Games} 6. e4 b5 7. e5 h6 8. Bh4 g5 9. exf6 gxh4 10. Ne5 Qxf6 11. Be2 Bd6 12. Ne4 Bb4+ 13. Kf1 Qg7 $17 14. Bh5 O-O 15. Qf3 f5 16. Nc3 Bb7 17. Qh3 Bd6 18. Nf3 b4 19. Ne2 c5 20. Qxh4 Be4 21. Rg1 Kh8 22. Rd1 Nc6 23. dxc5 Bxc5 24. Nf4 Qxb2 25. Bg6 Kg8 26. Qg3 Kh8 27. Qh4 Kg8 28. Qg3 Kh8 29. Qh4 1/2-1/2

[Event "WYCC 2018 G16"]
[Site "Halkidiki"]
[Date "2018.10.24"]
[Round "6"]
[White "Miroshnik, Ekaterina"]
[Black "Staravoitava, Hanna"]
[Result "1/2-1/2"]
[ECO "E15"]
[WhiteElo "2023"]
[BlackElo "1768"]
[Annotator "NA"]
[PlyCount "126"]
[EventDate "2018.10.20"]
[EventType "swiss"]
[EventCountry "GRE"]
[SourceTitle "playchess.com"]
[Source "ChessBase"]
[SourceQuality "1"]
[TimeControl "40/5400+30:1800+30"]

1. d4 Nf6 2. c4 e6 3. Nf3 b6 4. g3 Bb4+ 5. Bd2 Bxd2+ 6. Qxd2 Ba6 7. Qc2 d5 8. Nbd2 O-O 9. Bg2 Nbd7 10. O-O c5 11. Qa4 Bb7 12. e3 Qe7 13. Rac1 e5 14. dxe5 Nxe5 15. Nxe5 Qxe5 16. Qa3 Qe7 17. cxd5 Nxd5 18. Nc4 Nb4 19. Bxb7 Qxb7 20. Rfd1 Rfd8 21. Qb3 Qe4 22. a3 Nd5 23. Nd2 Qg6 24. Nf3 Qe4 25. Ng5 Qf5 26. f4 Nc7 27. e4 Qf6 28. Qc2 Ne6 29. e5 Qg6 30. Qxg6 hxg6 31. Nf3 Kf8 32. Kf2 Ke7 33. Ke3 Rac8 34. Ke4 b5 35. Rxd8 Rxd8 36. b3 Kd7 37. g4 Kc6 38. f5 gxf5+ 39. gxf5 Nd4 40. Rd1 Rh8 41. Nxd4+ cxd4 42. Rc1+ Kd7 43. Kxd4 Rxh2 44. Rg1 Rh5 45. Ke4 Kc6 46. Rxg7 Rh4+ 47. Kf3 Kd5 48. e6 fxe6 49. f6 Ke5 50. f7 Rf4+ 51. Ke3 Rf1 52. Ke2 Rf6 53. f8=Q Rxf8 54. Rxa7 Ke4 55. Rh7 Kd4 56. Rh4+ Kc3 57. Rb4 Rf5 58. Ke3 Rh5 59. Ke2 Rd5 60. Ke3 e5 61. Ke2 Rc5 62. Ke3 Rd5 63. Ke2 Rc5 1/2-1/2